 Dungeon Crawl Stone Soup version 0.26.1-11-gd32895ea62 (webtiles) character file.

Game seed: 2215699251474225991

209 mankey1987 the Ducker (level 5, -4/81 HPs)
             Began as an Ogre Berserker on May 31, 2021.
             Was a Priest of Trog.
             Slain by an orc
             ... wielding a +0 mace
              (9 damage)
             ... on level 3 of the Dungeon.
             The game lasted 00:03:38 (3994 turns).

mankey1987 the Ducker (Ogre Berserker)              Turns: 3994, Time: 00:03:41

Health: -4/81      AC:  3    Str: 21    XL:     5   Next: 87%
Magic:  5/5        EV: 12    Int:  8    God:    Trog [***...]
Gold:   101        SH:  0    Dex:  9    Spells: 4/4 levels left

rFire    . . .     SeeInvis .   a - +0 mace
rCold    . . .     Faith    .   (no shield)
rNeg     . . .     Spirit   .   b - +0 animal skin
rPois    .         Reflect  .   (helmet restricted)
rElec    .         Harm     .   o - scarf {repulsion}
rCorr    .         Rampage  .   (gloves unavailable)
Will     .....                  (boots unavailable)
Stlth    ..........             (no amulet)
HPRegen  0.23/turn              (no ring)
MPRegen  0.09/turn              (no ring)

@: berserking (expiring), repel missiles, very quick
A: large, unfitting armour, tough skin 1
a: Renounce Religion, Berserk, Trog's Hand


You were on level 3 of the Dungeon.
You worshipped Trog.
Trog was most pleased with you.
You visited 1 branch of the dungeon, and saw 3 of its levels.

You collected 101 gold pieces.

Inventory:

Hand Weapons
 a - a +0 mace (weapon)
Armour
 b - a +0 animal skin (worn)
 o - a scarf of repulsion (worn)
Jewellery
 j - an uncursed ring of protection from cold
 n - an uncursed ring of fire {unknown}
Scrolls
 d - a scroll of fog {unknown}
 e - 2 scrolls of identify {unknown}
 g - 2 scrolls of remove curse {unknown}
 i - 2 scrolls of amnesia {unknown}
 k - a scroll of magic mapping {unknown}
 m - a scroll of blinking {unknown}
 p - a scroll of random uselessness {unknown}
Potions
 c - 2 potions of curing
 f - 3 potions of haste {unknown}
 h - a potion of flight {unknown}
 l - 2 potions of invisibility {unknown}


   Skills:
 - Level 4.0 Fighting
 - Level 2.6 Maces & Flails
 + Level 5.8 Dodging


You had 4 spell levels left.
You didn't know any spells.
Your spell library was empty.

Dungeon Overview and Level Annotations

Branches:
Dungeon (3/15)

Altars:
Qazlal
Sif Muna


Innate Abilities, Weirdness & Mutations

You are too large for most types of armour.
You have tough skin. (AC +1)


Message History

The orc priest is heavily wounded.
The orc priest barely misses you. The orc closely misses you.
You closely miss the orc priest.
The orc priest is moderately wounded.
The orc closely misses you.
The orc priest miscasts a cantrip.
The orc hits you with a +2 vorpal flail.
* * * LOW HITPOINT WARNING * * *
x2 You barely miss the orc priest.
The orc priest is moderately wounded.
The orc priest misses you. The orc hits you with a +0 mace!
* * * LOW HITPOINT WARNING * * *
You hit the orc priest.
The orc priest is severely wounded.
The orc hits you with a +2 vorpal flail.
* * * LOW HITPOINT WARNING * * *
x2 The orc priest hits you with a +0 club.
* * * LOW HITPOINT WARNING * * *
The orc hits you with a +0 mace!
You die...

... #........# ....
#........# ....
#........# .#
#....#........#
#.####....#........#
#...... ........).# .....
#.oo.....# # ##..#
##.@o.....# ####...###
#..).<....# .#.(.....#
###.........# (.)......#
#...######### .........#
#.###......##
.........###.##........##
##...........†..........#
##########..#.....>....#
##.##..........#


You could see an orc priest and 2 orcs.

Vanquished Creatures
  A worker ant (D:2)
  Robin (D:2)
  6 adders
  2 oozes (D:1)
  A worm (D:2)
  4 dart slugs
  3 leopard geckos (D:1)
  2 orcs (D:3)
  3 giant cockroaches
  10 hobgoblins
  12 kobolds
  3 quokkas (D:2)
  2 ball pythons
  7 bats
  6 frilled lizards
  21 goblins
  11 rats
95 creatures vanquished.

Notes
Turn   | Place    | Note
-------+----------+-------------------------------------------
     0 | D:1      | mankey1987 the Ogre Berserker began the quest for the Orb.
     0 | D:1      | Reached XP level 1. HP: 24/24 MP: 1/1
    41 | D:1      | Reached skill level 3 in Dodging
   101 | D:1      | Reached XP level 2. HP: 9/32 MP: 2/2
   721 | D:1      | Reached XP level 3. HP: 29/39 MP: 3/3
  1012 | D:1      | Reached skill level 4 in Dodging
  1539 | D:2      | Found a shimmering blue altar of Sif Muna.
  1572 | D:2      | Reached ** piety under Trog
  1682 | D:2      | Noticed Robin
  1701 | D:2      | Killed Robin
  1702 | D:2      | Reached XP level 4. HP: 25/48 MP: 4/4
  2005 | D:2      | Found a faded altar of an unknown god.
  2536 | D:2      | Found a stormy altar of Qazlal.
  2642 | D:2      | Reached skill level 5 in Dodging
  2642 | D:2      | Reached XP level 5. HP: 40/54 MP: 5/5
  3176 | D:2      | Reached *** piety under Trog
  3994 | D:3      | Slain by an orc

Illustrated notes

Levels and vault maps discovered:
D:1:      lightli_arrival_quake, layout_basic
D:2:      minmay_thinvault, layout_loops_cross, led_sif_pool,
          nicolae_qazlal_general_emergency, chequers_ecumenical_altar_island,
          uniq_robin
D:3:      layout_rooms

Skill      XL: |  1  2  3  4 |
---------------+-------------+-----
Dodging        | 3 4 5 |  5.8
Fighting       | |  4.0
Maces & Flails | |  2.6

Action                   |  1- 3 |  4- 6 || total
-------------------------+-------+-------++-------
Melee: Mace              |    99 |   188 ||   287
Invok: Berserk           |     2 |     5 ||     7
  Use: Potion            |       |     2 ||     2
Armor: Animal skin       |    26 |    59 ||    85
Dodge: Dodged            |    62 |   140 ||   202
